 Dungeon Crawl Stone Soup version 0.30-a0-279-g4b46babb21 (webtiles) character file.

Game seed: 4470865072395058306

9 themarg the Trooper (level 2, -1/27 HPs)
             Began as a Minotaur Monk on Oct 17, 2022.
             Slain by a gnoll
             ... wielding a +0 spear
              (4 damage)
             ... on level 1 of the Dungeon.
             The game lasted 00:03:06 (375 turns).

themarg the Trooper (Minotaur Monk)                  Turns: 375, Time: 00:03:07

Health: -1/27      AC:  2    Str: 15    XL:     2   Next: 3%
Magic:  1/1        EV: 12    Int:  7    God:
Gold:   96         SH:  0    Dex: 12    Spells: 1/1 levels left

rFire   . . .      SeeInvis .    a - +0 mace
rCold   . . .      Faith    .    (no shield)
rNeg    . . .      Spirit   .    b - +0 robe
rPois   .          Reflect  .    (helmet restricted)
rElec   .          Harm     .    (no cloak)
rCorr   .          Rampage  .    (no gloves)
Will    .....                    (no boots)
Stlth   ++........               (no amulet)
HPRegen 0.24/turn                (no ring)
MPRegen 0.07/turn                (no ring)

@: no status effects
A: horns 2, retaliatory headbutt
a: no special abilities


You were on level 1 of the Dungeon.
You visited 1 branch of the dungeon, and saw 1 of its levels.

You collected 96 gold pieces.

Inventory:

Hand Weapons
 a - a +0 mace (weapon)
Missiles
 g - 5 silver javelins (quivered)
Armour
 b - a +0 robe (worn)
Scrolls
 d - 2 scrolls of vulnerability {unknown}
 f - a scroll of identify {unknown}
Potions
 c - a potion of ambrosia
 e - a potion of flight {unknown}
 h - a potion of attraction {unknown}
 i - a potion of mutation {unknown}


   Skills:
 + Level 4.0 Fighting
 - Level 3.6 Maces & Flails
 - Level 3.3 Dodging
 + Level 2.0 Stealth


You had one spell level left.
You didn't know any spells.
Your spell library was empty.

Dungeon Overview and Level Annotations

Branches:
Dungeon (1/15)

Altars:

Shops:
D:1 [(=


Innate Abilities, Weirdness & Mutations

You have a pair of horns on your head.
You reflexively headbutt those who attack you in melee.


Message History

You barely miss the endoplasm. You headbutt the endoplasm!
You kill the endoplasm!
Your Fighting skill increases to level 4!
Your Stealth skill increases to level 2!
You have reached level 2!
h - a cyan potion
Found a spear.
i - a sedimented purple potion You see here a +0 spear.
A gnoll comes into view. It is wielding a +0 spear.
The gnoll shouts!
No target in view!
A rat comes into view.
The gnoll closely misses you.
You closely miss the gnoll. The gnoll barely misses you.
You furiously retaliate!
You headbutt the gnoll. The gnoll hits you with a +0 spear.
You hit the gnoll.
The gnoll is moderately wounded.
The gnoll hits you with a +0 spear!
You closely miss the gnoll.
You headbutt the gnoll, but do no damage.
The gnoll is moderately wounded.
The gnoll hits you with a +0 spear!
You hit the gnoll.
The gnoll is moderately wounded.
The gnoll hits you with a +0 spear.
* * * LOW HITPOINT WARNING * * *
You hit the gnoll.
The gnoll is heavily wounded.
The gnoll hits you with a +0 spear.
* * * LOW HITPOINT WARNING * * *
The gnoll misses you.
You hit the gnoll.
The gnoll is severely wounded.
The gnoll closely misses you.
You closely miss the gnoll.
The gnoll is severely wounded.
The gnoll hits you with a +0 spear.
You die...

####..####### #.
..##..# #..#.##
#.##..# #..#.# .
###.##..####..#.#
#.
..#.##...)....#.#
#.
#.#.##..#####.#.#
#. #.#.###.#
#.#.# # ..
#.#.....# #.#.##
#...#.#@..#####
#.....
#...r.g...#
###.##
#...#.##### #.#
.. #. #.# # #.#
..# #.# ###


You could see a gnoll and a rat.

Vanquished Creatures
  An endoplasm (D:1)
  A goblin (D:1)
  2 hobgoblins (D:1)
  A kobold (D:1)
  A quokka (D:1)
  A rat (D:1)
7 creatures vanquished.

Notes
Turn   | Place    | Note
-------+----------+-------------------------------------------
     0 | D:1      | themarg the Minotaur Monk began the quest for the Orb.
     0 | D:1      | Reached XP level 1. HP: 19/19 MP: 0/0
    63 | D:1      | Found Miocvoy's Weapon Boutique.
   170 | D:1      | Found Azxucs's Armour Emporium.
   213 | D:1      | Found Pokasin's Jewellery Shoppe.
   302 | D:1      | Reached skill level 4 in Fighting
   302 | D:1      | Reached XP level 2. HP: 27/27 MP: 1/1
   375 | D:1      | Slain by a gnoll

Illustrated notes

Levels and vault maps discovered:
D:1:      saegor_arrival_simple_b, layout_basic, serial_shops,
          nicolae_shop_advertising_works [nicolae_subvault_shop_adworks],
          shop_statue, shop_coins, nicolae_shop_bloodbath_and_beyond

Skill      XL: |  1 |
---------------+----+-----
Fighting       | 4 |  4.0
Stealth        | 2 |  2.0
Maces & Flails | |  3.6
Dodging        | |  3.3

Action                   || total
-------------------------++-------
Melee: Mace              ||    27
       Headbutt          ||     4
 Stab: Sleeping          ||     1
Armor: Robe              ||     2
Dodge: Dodged            ||    13

Table legend: (Time is in decaauts)
 A = Elapsed time spent in this place.
 B = Non-inter-level travel time spent in this place.
 C = Inter-level travel time spent in this place.
 D = Time resting spent in this place.
 E = Time spent auto-exploring this place.
 F = Levels seen in this place.
 G = Mean time per level.
                   A        B        C        D        E       F      G
               +--------+--------+--------+--------+--------+-----+--------+
         Total |    381 |    381 |      0 |     85 |    210 |   1 |  381.0 |
       Dungeon |    381 |    381 |      0 |     85 |    210 |   1 |  381.0 |
               +--------+--------+--------+--------+--------+-----+--------+

Top non-repeatable levels by time:
     D:1: 381 daAuts
